 Dungeon Crawl Stone Soup version 0.20.1-1-g8b1a95d (console) character file.

16365 hilaritas the Carver (level 12, -5/112 HPs)
             Began as a Demonspawn Fighter on July 29, 2017.
             Was the Champion of Okawaru.
             Slain by a reaper
             ... wielding a +2 scythe of freezing
              (13 damage)
             ... in an ice cave.
             The game lasted 00:30:59 (12428 turns).

hilaritas the Carver (Demonspawn Fighter)          Turns: 12428, Time: 00:30:59

Health: -5/112     AC: 19    Str: 17    XL:     12   Next: 9%
Magic:  13/19      EV: 15    Int: 10    God:    Okawaru [******]
Gold:   322        SH: 14    Dex: 17    Spells: 9/11 levels left

rFire    . . .     SeeInvis .   L - +4 scimitar (flame)
rCold    . . .     Gourm    .   c - +1 shield
rNeg     . . .     Faith    .   Q - +0 troll leather armour
rPois    +         Spirit   .   (no helmet)
rElec    .         Reflect  .   I - +0 cloak
rCorr    .         Harm     .   C - +1 pair of gloves
MR       .....                  (no boots)
Stlth    +++++.....             H - amulet of Vitality {Regen+ HP+15}
Regen    1.1/turn               z - ring of poison resistance
MPRegen  0.2/turn               x - +4 ring of slaying

@: heroism, finesse, sanguine armour
A: talons 2, nightstalker 2, spiny 1, sanguine armour 2
a: Heroism, Finesse, Renounce Religion


You were in an ice cave.
You worshipped Okawaru.
Okawaru was exalted by your worship.
You were very hungry.

You visited 3 branches of the dungeon, and saw 14 of its levels.
You also visited: Ice Cave.

You collected 721 gold pieces.
You spent 399 gold pieces at shops.

Inventory:

Hand Weapons
 a - a +1 long sword
 L - a +4 scimitar of flaming (weapon)
 X - a +0 triple sword of freezing
Missiles
 w - 10 javelins (quivered)
 K - 4 needles of paralysis
 T - 6 needles of sleeping
Armour
 c - a +1 shield (worn)
 C - a +1 pair of gloves (worn)
 I - a +0 cloak (worn)
 Q - a +0 troll leather armour (worn)
Jewellery
 s - an uncursed ring of see invisible
 x - a +4 ring of slaying (right hand)
 z - a ring of poison resistance (left hand)
 F - an uncursed ring of stealth
 H - the amulet of Vitality (around neck) {Regen+ HP+15}
   (You found it on level 7 of the Dungeon)

   [amulet of regeneration]

   It affects your health (+15).
   It increases your rate of regeneration.
 S - an uncursed ring of fire
Wands
 d - a wand of flame (1/48)
 j - a wand of digging (3/24)
 v - a wand of clouds (2/9)
 y - a wand of clouds (5/9)
 A - a wand of digging (12/24)
 J - a wand of paralysis (13/24)
 W - a wand of acid (6/15)
Scrolls
 b - 5 scrolls of teleportation
 e - 2 scrolls of amnesia
 g - 4 scrolls of fear
 k - 2 scrolls of blinking
 n - a scroll of enchant weapon
 o - 5 scrolls of remove curse
 r - 2 scrolls of recharging
 t - 6 scrolls of magic mapping
 u - 5 scrolls of identify
 R - a scroll of enchant armour
Potions
 i - 3 potions of brilliance
 l - 3 potions of curing
 m - a potion of magic
 q - a potion of resistance
 E - 3 potions of lignification
 M - a potion of berserk rage
 O - 2 potions of haste
 P - a potion of heal wounds
 V - a potion of might
Books
 B - a book of Air

   Spells                             Type                      Level
   a - Shock                          Conjuration/Air              1
   b - Swiftness                      Charms/Air                   2
   c - Static Discharge               Conjuration/Air              3
   d - Airstrike                      Air                          4
   e - Lightning Bolt                 Conjuration/Air              5
 D - a book of Debilitation

   Spells                             Type                      Level
   a - Corona                         Hexes                        1
   b - Slow                           Hexes                        2
   c - Inner Flame                    Hexes/Fire                   3
   d - Portal Projectile              Hexes/Translocation          3
   e - Cause Fear                     Hexes                        4
   f - Leda's Liquefaction            Hexes/Earth                  4
 G - a book of Battle

   Spells                             Type                      Level
   a - Infusion                       Charms                       1
   b - Shroud of Golubria             Charms/Translocation         2
   c - Song of Slaying                Charms                       2
   d - Spectral Weapon                Hexes/Charms                 3
   e - Regeneration                   Charms/Necromancy            3
Comestibles
 f - 13 bread rations
 h - 7 meat rations
 p - 7 royal jellies
 N - 2 fruits


   Skills:
 - Level 10.0(15.0) Fighting
 - Level 10.3(15.3) Long Blades
 + Level 7.1(12.1) Armour
 + Level 9.0(14.0) Shields
 * Level 9.4 Invocations


You had 9 spell levels left.
You knew the following spells:

 Your Spells              Type           Power        Failure   Level  Hunger
a - Swiftness             Chrm/Air       #.......     58%         2    ###....


Dungeon Overview and Level Annotations

Branches:
Dungeon (11/15)            Temple (1/1) D:7            Lair (2/6) D:10
  Snake (0/4) Lair:2          Orc (0/2) D:9
  Swamp: Lair:2-4    Shoals: Lair:2-4

Altars:
Ashenzari
Cheibriados
Dithmenos
Gozag
Hepliaklqana
Okawaru
Ru
Trog
Uskayaw
Vehumet
Xom
Yredelemnul
Zin
The Shining One

Shops:
D:5 *   D:7 =   D:9 %

Annotations:
Lair:1 exclusion: oklob plant


Innate Abilities, Weirdness & Mutations

You have razor-sharp toenails.
You are significantly more attuned to the shadows.
You are partially covered in sharp spines.
When seriously injured, your bleeding wounds create thick armour. (AC +9)


Message History

You are engulfed in freezing vapours.
An ice devil comes into view.
Found a hardcover book and a scroll labeled PETWYB NEINYI.
Really walk into that cloud of freezing vapour?
You are engulfed in freezing vapours.
* * * LOW HITPOINT WARNING * * *
The reaper is engulfed in freezing vapours.
You block the reaper's attack.
The reaper is engulfed in freezing vapours.
You block the reaper's attack.
Found 29 gold pieces.
You closely miss the reaper. You claw the reaper.
The reaper is severely wounded.
You block the ice devil's attack.
You can now deal lightning-fast blows.
The reaper is engulfed in freezing vapours.
The reaper hits you with a scythe of freezing!!
* * * LOW HITPOINT WARNING * * *
The reaper freezes you!
You die...

### ### ..## #?:$
∩..## ... ....#
###.### ∩...#
#§4.§.### ...##
#§##§4§§§§### ..##
..§§2@#.§§§§####
..##
##§§§§#§.§§§#§§###
...#
###..#.§###§§§.§##
...#
...#.§.§§§§.§..#
..##
##....§§##§§§....
.##
....§≈##§§§§...#
##
...§§§#§§§§§..##
.##
#..####§§§§§.##
..# #....§§.§.###


You could see a reaper and 2 ice devils.

Vanquished Creatures
  Josephine (D:10)
  A hydra (Lair:1)
  Erica (D:8)
  3 two-headed ogres
  Nergalle (D:10)
  An unseen horror (D:11)
  Maurice (D:8)
  2 ice statues (IceCv)
  4 ice devils (IceCv)
  A merfolk (D:9)
  4 trolls
  A hippogriff (D:9)
  3 wraiths (D:10)
  2 wyverns
  A steam dragon (D:10)
  8 yaks
  3 hungry ghosts
  A water moccasin (Lair:1)
  Duvessa (D:6)
  A black bear (D:8)
  7 orc warriors
  3 ice beasts
  A necrophage (D:9)
  A sky beast (D:6)
  5 ogres
  2 centaurs
  2 wolves (D:10)
  A crocodile (D:11)
  An elf zombie (D:9)
  5 bullfrogs
  A wyvern zombie (D:9)
  Dowan (D:6)
  A water moccasin zombie (D:9)
  A scorpion (D:4)
  8 killer bees
  8 wights
  9 electric eels
  2 crimson imps
  2 jellies
  9 orc priests
  12 hounds
  6 human zombies (D:9)
  A quasit (D:11)
  A centaur skeleton (D:9)
  2 bullfrog skeletons
  A human skeleton (D:9)
  2 iguanas
  9 orc wizards
  3 worker ants
  2 ogre skeletons (D:9)
  2 hound skeletons
  2 hound zombies
  4 worker ant zombies
  7 adders
  6 shadow imps
  10 white imps
  6 ufetubi (IceCv)
  An ooze (D:1)
  2 adder skeletons
  2 dart slugs
  3 worms
  9 leopard geckos
  43 orcs
  4 bats
  3 giant cockroaches
  6 goblins
  6 hobgoblins
  12 jackals
  5 kobolds
  3 quokkas
  3 ball pythons
  5 frilled lizards
  A leopard gecko zombie (D:6)
  An orc zombie (D:9)
  A quokka zombie (D:5)
  6 rats
303 creatures vanquished.

Vanquished Creatures (others)
  The ghost of Baril the Geomancer, a journeyman GrEE of Vehumet (IceCv)
  8 white imps (IceCv)
  2 ufetubi (IceCv)
11 creatures vanquished.

Grand Total: 314 creatures vanquished

Notes
Turn   | Place    | Note
-------+----------+-------------------------------------------
     0 | D:1      | hilaritas the Demonspawn Fighter began the quest for the Orb.
     0 | D:1      | Reached XP level 1. HP: 18/18 MP: 1/1
   220 | D:1      | Gained mutation: You have sharp toenails. [demonic ancestry]
   220 | D:1      | Reached XP level 2. HP: 24/24 MP: 2/2
   905 | D:1      | Gained mutation: When seriously injured, your bleeding wounds create armour. (AC +9) [demonic ancestry]
   905 | D:1      | Reached XP level 3. HP: 29/29 MP: 3/3
  1827 | D:3      | Gained mutation: You are slightly more attuned to the shadows. [demonic ancestry]
  1827 | D:3      | Reached XP level 4. HP: 23/35 MP: 4/4
  2297 | D:3      | Found an opulent altar of Gozag.
  2432 | D:4      | Found Zin's Purification Station.
  2435 | D:4      | Found a glowing silver altar of Zin.
  2438 | D:4      | Bought a potion of curing for 90 gold pieces
  2548 | D:4      | Reached XP level 5. HP: 40/41 MP: 5/5
  3549 | D:5      | Entered Level 5 of the Dungeon
  3774 | D:5      | Reached skill level 5 in Long Blades
  3774 | D:5      | Reached XP level 6. HP: 37/47 MP: 6/6
  3902 | D:5      | Found Wiyd Wiz's General Store.
  3905 | D:5      | Bought a scroll of magic mapping for 42 gold pieces
  3905 | D:5      | Bought a scroll of magic mapping for 42 gold pieces
  4591 | D:6      | Noticed a sky beast
  4599 | D:6      | Killed a sky beast
  4605 | D:6      | Noticed Dowan
  4606 | D:6      | Noticed Duvessa
  4609 | D:6      | Gained mutation: You are partially covered in sharp spines. [demonic ancestry]
  4609 | D:6      | Reached XP level 7. HP: 39/52 MP: 7/7
  4612 | D:6      | Killed Duvessa
  4637 | D:6      | Killed Dowan
  5338 | D:6      | Learned a level 2 spell: Swiftness
  5469 | D:6      | Gained mutation: You have razor-sharp toenails. [demonic ancestry]
  5469 | D:6      | Reached XP level 8. HP: 42/58 MP: 8/8
  6274 | D:7      | Reached skill level 5 in Shields
  6377 | D:7      | Found Xammo's Jewellery Shop.
  6486 | D:7      | Found a staircase to the Ecumenical Temple.
  6494 | Temple   | Entered the Ecumenical Temple
  6501 | Temple   | Became a worshipper of Warmaster Okawaru
  6587 | D:7      | Found a sacrificial altar of Ru.
  7171 | D:8      | Noticed a two-headed ogre
  7182 | D:8      | Killed a two-headed ogre
  7182 | D:8      | Reached * piety under Okawaru
  7182 | D:8      | Reached skill level 10 in Long Blades
  7182 | D:8      | Gained mutation: You are significantly more attuned to the shadows. [demonic ancestry]
  7182 | D:8      | Reached XP level 9. HP: 63/63 MP: 9/9
  7253 | D:8      | Noticed Maurice
  7273 | D:8      | Killed Maurice
  7273 | D:8      | Reached ** piety under Okawaru
  7454 | D:8      | Noticed Erica
  7467 | D:8      | Killed Erica
  7467 | D:8      | Reached *** piety under Okawaru
  7467 | D:8      | Received a gift from Okawaru
  7467 | D:8      | Reached skill level 5 in Fighting
  7506 | D:8      | Noticed a two-headed ogre
  7510 | D:8      | Killed a two-headed ogre
  7510 | D:8      | Reached skill level 5 in Invocations
  7510 | D:8      | Reached XP level 10. HP: 73/74 MP: 13/13
  7710 | D:9      | Found a staircase to the Orcish Mines.
  7756 | D:9      | Reached **** piety under Okawaru
  7849 | D:9      | Reached skill level 5 in Armour
  8212 | D:9      | Found Qoux's Food Emporium.
  8243 | D:9      | Found a snail-covered altar of Cheibriados.
  8243 | D:9      | Found a shattered altar of Ashenzari.
  8302 | D:7      | Bought an uncursed ring of see invisible for 225 gold pieces
  8432 | D:9      | Reached ***** piety under Okawaru
  8455 | D:9      | Found a basalt altar of Yredelemnul.
  8713 | D:9      | Found a hide-covered altar of Uskayaw.
  8736 | D:10     | Entered Level 10 of the Dungeon
  8856 | D:10     | Noticed Nergalle
  8896 | D:10     | Gained mutation: When seriously injured, your bleeding wounds create thick armour. (AC +9) [demonic ancestry]
  8896 | D:10     | Reached XP level 11. HP: 79/84 MP: 16/16
  8906 | D:10     | Killed Nergalle
  8908 | D:10     | Found a staircase to the Lair.
  9055 | D:10     | Noticed Josephine
  9070 | D:10     | Killed Josephine
  9700 | D:10     | Found a shimmering altar of Xom.
  9700 | D:10     | Found a shimmering altar of Xom.
  9700 | D:10     | Found a glowing silver altar of Zin.
  9704 | D:10     | Found a glowing golden altar of the Shining One.
  9704 | D:10     | Found an opulent altar of Gozag.
  9704 | D:10     | Found a bloodstained altar of Trog.
 10023 | D:11     | Reached ****** piety under Okawaru
 10418 | D:11     | Noticed a two-headed ogre
 10428 | D:11     | Received a gift from Okawaru
 10430 | D:11     | Killed a two-headed ogre
 10875 | D:11     | Killed an unseen horror
 11084 | D:11     | Received a gift from Okawaru
 11434 | Lair:1   | Entered Level 1 of the Lair of Beasts
 11464 | Lair:1   | Noticed an oklob plant
 11877 | Lair:1   | Reached skill level 10 in Fighting
 11906 | Lair:1   | Noticed a five-headed hydra
 11914 | Lair:1   | Killed a one-headed hydra
 12055 | Lair:1   | You fall through a shaft!
 12080 | Lair:2   | Found a frozen archway.
 12094 | IceCv    | Entered an ice cave
 12210 | IceCv    | Reached XP level 12. HP: 97/97 MP: 18/18
 12254 | IceCv    | Killed Baril's ghost
 12412 | IceCv    | Noticed a reaper
 12428 | IceCv    | Slain by a reaper

Skill      XL: |  1  2  3  4  5  6  7  8  9 10 11 12 |
---------------+-------------------------------------+-----
Shields        | 3 4 5 6 7 8 9 |  9.0
Long Blades    | 2 3 5 6 7 10 | 10.3
Armour         | 4 5 7 |  7.1
Invocations    | 5 7 9 |  9.4
Fighting       | 5 7 10 | 10.0

Action                   |  1- 3 |  4- 6 |  7- 9 | 10-12 || total
-------------------------+-------+-------+-------+-------++-------
Melee: Long sword        |   119 |   152 |   134 |       ||   405
       Kick              |    27 |    41 |    49 |   109 ||   226
       Scimitar          |       |       |     2 |   330 ||   332
Throw: Javelin           |       |       |     8 |     8 ||    16
Invok: Heroism           |       |       |       |     6 ||     6
       Finesse           |       |       |       |     1 ||     1
  Use: Potion            |     3 |     1 |     2 |       ||     6
       Scroll            |       |    12 |     3 |    10 ||    25
 Stab: Sleeping          |       |     1 |     4 |    17 ||    22
  Eat: Chunk             |     3 |     8 |    11 |    16 ||    38
       Fruit             |       |       |       |     1 ||     1
Armor: Scale mail        |    67 |    42 |       |       ||   109
       Ring mail         |       |    13 |    35 |    34 ||    82
       Troll leather arm |       |       |       |    37 ||    37
Dodge: Dodged            |    33 |    37 |    35 |    83 ||   188
Block: Shield            |    53 |    82 |    53 |   194 ||   382
       Rpst.: Long sword |    12 |     9 |    14 |       ||    35
       Scimitar          |       |       |     1 |    24 ||    25
